 Dungeon Crawl Stone Soup version 0.30-a0-1082-g70414cbcbb (webtiles) character file.

Game seed: 15837721050002164691

515866 Arzdou the Slayer (level 24, -4/227 (247) HPs)
             Began as a Minotaur Berserker on Apr 14, 2023.
             Was an Elder of Trog.
             Shot with a bolt by a vault warden (18 damage)
             ... on level 5 of the Vaults on Apr 15, 2023.
             The game lasted 04:42:30 (69756 turns).

Arzdou the Slayer (Minotaur Berserker)             Turns: 69756, Time: 04:42:31

HP:   -4/227 (247)  AC: 25    Str: 35    XL:     24   Next: 48%
MP:   22/22         EV: 19    Int:  7    God:    Trog [****..]
Gold: 2697          SH: 32    Dex: 17    Spells: 23/23 levels left

rFire   + . .      SeeInvis .    a - +9 demon blade (heavy)
rCold   + + .      Faith    .    V - +8 tower shield {reflect}
rNeg    + . .      Spirit   .    c - +6 ring mail of Skepticism {Will++ Regen+ Str+2 Dex-4}
rPois   +          Reflect  +    (helmet restricted)
rElec   +          Rampage  .    t - +2 cloak
rCorr   .                        O - +1 pair of gloves "Nifri" {Str+3}
Will    +++..                    h - +2 pair of boots
Stlth   ++                       N - amulet "Galobowa" {RegenMP rF+ rC++ Dex-3}
HPRegen 1.37/turn                d - ring of Muagyr {rPois rN+ Str+6 Int+3}
MPRegen 0.58/turn                T - ring of the Swan {rElec Dex+6}

@: studying 2 skills, drained
A: horns 2, retaliatory headbutt, weak 1
}: 2/15 runes: serpentine, barnacled
a: Renounce Religion, Berserk, Trog's Hand, Brothers in Arms


You were on level 5 of the Vaults.
You worshipped Trog.
Trog was greatly pleased with you.
You visited 8 branches of the dungeon, and saw 42 of its levels.
You visited the Abyss 1 time.
You also visited: Sewer and Ice Cave.

You collected 7610 gold pieces.
You spent 4913 gold pieces at shops.

Inventory:

Hand Weapons
 a - a +9 heavy demon blade (weapon)
 b - a +9 antimagic hand crossbow
 z - the +5 scimitar "Jesie" {flame, rN+ Str+4 Stlth-}
   (Trog gifted it to you on level 3 of the Vaults)

   Str:       It affects your strength (+4).
   rN:        It protects you from negative energy.
   Stlth:     It makes you less stealthy.
 P - a +3 long sword of holy wrath
Missiles
 K - 2 throwing nets
Armour
 c - the +6 ring mail of Skepticism (worn) {Will++ Regen+ Str+2 Dex-4}
   (You found it on level 1 of the Shoals)

   Str:       It affects your strength (+2).
   Dex:       It affects your dexterity (-4).
   Regen:     It increases your rate of health regeneration.
   Will:      It greatly increases your willpower.
 h - a +2 pair of boots (worn)
 t - a +2 cloak (worn)
 O - the +1 pair of gloves "Nifri" (worn) {Str+3}
   (You acquired it on level 10 of the Dungeon)

   Str:       It affects your strength (+3).
 V - a +8 tower shield of reflection (worn)
Jewellery
 d - the ring of Muagyr (left hand) {rPois rN+ Str+6 Int+3}
   (You took it off a deep elf sorcerer on level 3 of the Elven Halls)

   [ring of strength]

   Str:       It affects your strength (+6).
   Int:       It affects your intelligence (+3).
   rPois:     It protects you from poison.
   rN:        It protects you from negative energy.
 j - a +6 ring of dexterity
 y - a ring of flight
 C - a ring of protection from cold
 I - a ring of positive energy
 J - a ring of resist corrosion
 L - a ring of see invisible
 N - the amulet "Galobowa" (around neck) {RegenMP rF+ rC++ Dex-3}
   (You took it off a merfolk impaler on level 4 of the Shoals)

   [amulet of magic regeneration]

   It increases your rate of magic regeneration.
   Dex:       It affects your dexterity (-3).
   rF:        It protects you from fire.
   rC:        It greatly protects you from cold.
 T - the ring of the Swan (right hand) {rElec Dex+6}
   (You found it on level 2 of the Lair of Beasts)

   [ring of dexterity]

   Dex:       It affects your dexterity (+6).
   rElec:     It insulates you from electricity.
 X - a ring of willpower
 Z - a ring of poison resistance
Wands
 o - a wand of flame (106)
 p - a wand of digging (10)
 r - a wand of mindburst (49)
 s - a wand of polymorph (26)
 u - a wand of roots (58)
 v - a wand of charming (9)
 F - a wand of light (20)
Scrolls
 f - 6 scrolls of magic mapping
 i - 8 scrolls of fog
 n - 5 scrolls of fear
 q - 19 scrolls of teleportation
 Q - 2 scrolls of enchant weapon
 S - 4 scrolls of blinking
 W - a scroll of silence
Potions
 e - 5 potions of heal wounds
 g - 23 potions of curing
 k - 4 potions of attraction
 l - 3 potions of ambrosia
 w - 7 potions of lignification
 x - a potion of haste
 A - a potion of berserk rage
 B - 8 potions of cancellation
 D - 6 potions of flight
 E - 4 potions of resistance
 G - 3 potions of magic
 H - 6 potions of mutation
 R - 2 potions of invisibility
 Y - 8 potions of might
Miscellaneous
 U - a phial of floods


   Skills:
 * Level 26.6 Fighting
 + Level 22.9 Long Blades
 - Level 9.5 Axes
 * Level 14.1 Ranged Weapons
 * Level 16.6 Armour
 + Level 13.2 Dodging
 + Level 5.2 Stealth
 * Level 24.1 Shields
 - Level 1.1 Unarmed Combat
 * Level 14.4 Evocations


You had 23 spell levels left.
You didn't know any spells.
Your spell library was empty.

Dungeon Overview and Level Annotations

Branches:
Dungeon (15/15)            Temple (0/1) D:7            Lair (5/5) D:8
 Shoals (4/4) Lair:3        Snake (4/4) Lair:2        Slime (0/5) Lair:5
    Orc (2/2) D:9             Elf (3/3) Orc:2        Vaults (4/5) D:14
  Crypt (0/3) Vaults:2     Depths (4/4) D:15            Zot (0/5) Depths:4
  Sewer (visited)           IceCv (visited)

Altars:
Elyvilon
Fedhas
Gozag
Hepliaklqana
Kikubaaqudgha
Makhleb
Nemelex Xobeh
Qazlal
Sif Muna
Trog
Uskayaw
Vehumet
Xom
Yredelemnul

Shops:
D:6 ?   D:10 =   Orc:2 ![**   Shoals:3 *?   Snake:1 (   Snake:3 !:   Snake:4 ?*
Vaults:3 [   Vaults:4 *   Depths:1 ::=?

Portals:
Hell: Lair:5 Depths:1 Depths:2 Depths:3 Depths:4
Abyss: Depths:1 Depths:3
Pandemonium: Depths:2
Ziggurat: Depths:1

Annotations:
Lair:5 2 transporters, emiel's ghost, journeyman FoFi
Snake:4 3 runed translucent doors, exclusion: obsidian statue, Nonseq's ghost, adept GnWn
Vaults:4 4 runed translucent doors
Depths:4 1 runed translucent door


Innate Abilities, Weirdness & Mutations

You have a pair of horns on your head.
You reflexively headbutt those who attack you in melee.
You are weak. (Str -2)


Message History

A yaktaur captain comes into view.
The ironbound preserver throws a datura-tipped dart.
The datura-tipped dart hits you.
The shadow dragon breathes negative energy at you.
The bolt of negative energy hits you!! You partially resist.
You feel drained.
The vault warden shoots a bolt.
The bolt barely misses you.
The tengu reaver shouts!
The yaktaur captain shouts!
A storm dragon comes into view.
The tengu reaver points at you and mumbles some strange words.
The bolt of fire hits you!! You resist.
* * * LOW HITPOINT WARNING * * *
The storm dragon roars deafeningly!
Okay, then.
Okay, then.
Blink to where?
Press: ? - help, Dir - move target
Found a helmet.
As you read the scroll of blinking, it crumbles to dust.
The vault guard shouts!
The ironbound preserver throws a datura-tipped dart.
You block the datura-tipped dart with your +8 tower shield of reflection... and reflect it back!
The datura-tipped dart hits the ironbound preserver!
The yaktaur captain unwields a +0 morningstar.
The yaktaur captain wields a +0 arbalest.
The yaktaur captain shoots a bolt.
You block the bolt with your +8 tower shield of reflection... and reflect it back!
The bolt hits the yaktaur captain!!
The vault guard hits you from afar with a +0 halberd!
* * * LOW HITPOINT WARNING * * *
You block the storm dragon's attack. x2; The storm dragon misses you.
You block the storm dragon's attack. x3; The vault guard closely misses you.
The yaktaur captain wields a +0 arbalest.
The yaktaur captain shoots a bolt.
The bolt hits you!!
* * * LOW HITPOINT WARNING * * *
Unknown command.
You feel much better. You block the storm dragon's attack. x3
The vault guard hits you with a +0 halberd!
* * * LOW HITPOINT WARNING * * *
The vault warden shoots a bolt.
The bolt pierces through you!!
You die...

#....# #....# #....#
#.p.[# #....# #....#
#.p..# #@...# #.D..#
.. #....# # #.
#..Q.# #...
#...c##.#.
.#..pD#... ..c.p....
........###########
.......ยง...........


You could see a shadow dragon, an ironbound preserver, a storm dragon, 2 vault
wardens, a tengu reaver, 2 yaktaur captains and a vault guard.

Vanquished Creatures
  A golden dragon (Depths:4)
  A bone dragon (Depths:4)
  2 tentacled monstrosities
  3 liches
  A walking frostbound tome (Depths:4)
  3 deep elf blademasters
  3 sphinxes
  2 deep elf master archers (Elf:3)
  A kraken (Shoals:2)
  Kirke (Snake:2)
  Polyphemus (Shoals:2)
  A storm dragon (Shoals:4)
  A tentacled starspawn (Abyss:2)
  2 tengu reavers
  A draconian monk (Depths:4)
  5 nagarajas
  10 frost giants
  3 fire giants
  8 deep elf sorcerers
  Louise (Elf:2)
  13 vault wardens
  An iron dragon (Depths:4)
  Aizul (Snake:4)
  A draconian scorcher (Depths:4)
  2 orc warlords
  12 stone giants
  7 deep elf elementalists (Elf:3)
  The ghost of Joaw the Bludgeoner, a journeyman GrFi of Okawaru (Orc:2)
  3 draconian annihilators (Depths:4)
  A war gargoyle (Vaults:3)
  9 very ugly things
  18 ironbound preservers
  2 caustic shrike skeletons
  3 ironbound thunderhulks
  7 deep elf demonologists
  12 deep elf annihilators
  3 green draconians (Depths:4)
  A purple draconian (Depths:4)
  A red draconian (Depths:4)
  A yellow draconian (Depths:4)
  9 dire elephants
  17 spark wasps
  7 jiangshi
  An entropy weaver (Vaults:4)
  8 ettins
  3 deep elf death magi (Elf:3)
  2 fire dragons
  A crystal guardian (Vaults:2)
  7 great orbs of eyes
  5 hydras
  6 deep elf high priests
  9 ice dragons
  5 merfolk javelineers
  8 merfolk impalers
  A spriggan zombie (Depths:1)
  10 yaktaur captains
  23 vault guards
  Harold (D:10)
  A salamander tyrant (Snake:2)
  3 catoblepae
  5 ironbound frosthearts
  Erolcha (D:13)
  2 rakshasas
  2 merfolk avatars
  3 spriggan air magi
  2 ogre magi (D:15)
  14 centaur warriors
  2 death knights (Vaults:2)
  8 boulder beetles
  5 anacondas
  7 merfolk aquamancers
  24 dancing weapons
  8 two-headed ogres
  2 satyrs (Shoals:2)
  9 tengu warriors
  5 vampire magi
  4 deep troll shamans
  4 deep troll earth magi
  A spriggan berserker (Depths:3)
  4 death yaks
  4 orc high priests (Orc:2)
  20 naga warriors
  9 naga sharpshooters
  A titan skeleton (Depths:3)
  A spriggan (Depths:3)
  A sun demon (Depths:1)
  7 hell knights (Vaults:4)
  6 shock serpents
  17 deep elf knights
  4 skysharks
  A shadow wraith (Vaults:2)
  3 iron trolls
  2 salamander mystics (Snake:4)
  A sixfirhy (Lair:5)
  54 deep trolls
  6 sea snakes
  A wretched star (Abyss:2)
  3 glowing orange brains
  3 skeletal warriors
  3 naga ritualists
  11 harpies
  17 wizards
  7 deep elf archers
  An obsidian statue (D:11)
  20 ironbound convokers
  3 necromancers
  6 orc knights
  7 lindwurms
  22 deep elf zephyrmancers
  An orange crystal statue (D:10)
  26 deep elf pyromancers
  2 phantasmal warriors (Vaults:4)
  7 mana vipers
  A shadow dragon zombie (Depths:3)
  46 ugly things
  4 orc sorcerers
  13 fauns
  A tengu skeleton (Depths:3)
  10 manticores
  17 salamanders
  5 cyclopes
  2 elephants (shapeshifter)
  11 naga magi
  14 elephants
  2 ice statues
  4 merfolk sirens
  16 vault sentinels
  A gargoyle (D:12)
  Joseph (D:8)
  5 guardian serpents
  28 slime creatures
  An eye of devastation (Lair:3)
  A fire giant skeleton (Depths:1)
  26 black mambas
  Maurice (D:8)
  14 water nymphs
  2 orange demons (Lair:5)
  5 torpor snails
  An unseen horror (D:12)
  Maggie (D:8)
  12 cane toads
  10 rime drakes
  Psyche (D:8)
  30 yaktaurs
  2 yaktaurs (shapeshifter)
  2 anaconda simulacra (IceCv)
  4 freezing wraiths
  2 efreet
  3 tengu conjurers
  14 komodo dragons
  15 ice devils
  7 wind drakes
  A hellwing (Lair:5)
  26 merfolk
  5 trolls
  6 polar bears
  A tengu simulacrum (Depths:1)
  Grinder (D:5)
  7 hornets
  21 dream sheep
  18 blink frogs
  10 snapping turtles
  Sigmund (D:2)
  A jumping spider (shapeshifter) (D:13)
  A jumping spider (Vaults:4)
  10 air elementals
  26 water elementals
  A vampire (D:13)
  A ynoxinul (Abyss:2)
  A wraith (D:12)
  55 yaks
  2 large abominations (Abyss:2)
  8 wyverns
  4 basilisks
  3 hogs (Snake:2)
  3 fire elementals
  7 vampire mosquitoes
  7 death yak simulacra (IceCv)
  3 steam dragons
  2 redbacks (Vaults:4)
  3 wargs
  3 harpy simulacra (IceCv)
  An acid dragon (D:11)
  55 nagas
  A small abomination (Abyss:2)
  19 water moccasins
  Duvessa (D:7)
  4 hell hounds (Lair:5)
  A spectral troll (Orc:2)
  20 orc warriors
  2 ice beasts
  3 black bears
  A black bear (shapeshifter) (Depths:3)
  19 wolves
  12 ogres
  9 centaurs
  A phantom (D:6)
  3 kobold brigands (Sewer)
  2 earth elementals (Elf:1)
  18 bullfrogs
  A glowing shapeshifter simulacrum (Depths:1)
  2 scorpions (D:5)
  A gnoll sergeant (D:8)
  2 two-headed ogre simulacra (IceCv)
  A cane toad simulacrum (IceCv)
  A spectral warg (Orc:2)
  9 wights
  Dowan (D:7)
  A spectral ogre (Orc:2)
  2 elephant simulacra (IceCv)
  9 killer bees
  7 howler monkeys
  An electric eel (D:8)
  8 jellies
  5 hounds (D:8)
  20 orc priests
  2 gnoll boudas (D:8)
  Jessica (D:3)
  8 hell rats
  An iguana (D:7)
  19 orc wizards
  4 polar bear simulacra (IceCv)
  2 troll simulacra (IceCv)
  4 wolf simulacra (IceCv)
  22 gnolls
  14 adders
  A river rat (Sewer)
  A shadow imp (D:7)
  14 white imps
  3 ufetubi
  3 orc simulacra (Orc:2)
  2 dart slugs
  2 worms (Sewer)
  50 orcs
  5 bats
  14 endoplasms
  5 giant cockroaches
  9 goblins
  10 hobgoblins
  8 jackals
  5 quokkas
  9 ball pythons
  2 frilled lizards (D:2)
  12 kobolds
  8 rats
1722 creatures vanquished.

Vanquished Creatures (collateral kills)
  A caustic shrike (Depths:3)
  A golden dragon (Depths:3)
  2 tentacled monstrosities
  A fenstrider witch (Shoals:1)
  An iron dragon (Depths:3)
  2 frost giants
  A vault warden (Vaults:1)
  The ghost of Ciotsan the Gelid, an adept FeIE of Vehumet (Vaults:4)
  An ironbound thunderhulk (Vaults:3)
  A stone giant (Vaults:1)
  A deep elf annihilator (Elf:3)
  A spark wasp (Depths:3)
  An ettin (Vaults:4)
  A fire dragon (Depths:4)
  A deep elf high priest (Elf:3)
  A catoblepas (Shoals:2)
  A naga warrior (Snake:3)
  A spriggan berserker (Depths:4)
  A shock serpent (Snake:3)
  A salamander mystic (Snake:3)
  A phantasmal warrior (Vaults:5)
  A wizard (Lair:5)
  2 lindwurms
  A necromancer (IceCv)
  A deep elf zephyrmancer (Elf:3)
  A faun (Shoals:1)
  2 manticores (Shoals:2)
  An elephant (Lair:1)
  A vault sentinel (Vaults:1)
  An eye of devastation (shapeshifter) (Depths:3)
  A freezing wraith (IceCv)
  A tengu conjurer (Depths:3)
  A merfolk (Shoals:2)
  A hornet (Depths:4)
  A snapping turtle (Shoals:1)
  2 spriggans (Depths:4)
  A warg (Orc:2)
  A naga (Snake:3)
  An orc warrior (Orc:2)
  An ogre (Orc:2)
  An elephant simulacrum (IceCv)
  An orc priest (Orc:2)
  A polar bear simulacrum (IceCv)
48 creatures vanquished.

Vanquished Creatures (others)
  Asterion (Snake:2)
  A peacekeeper (Vaults:2)
  A merfolk aquamancer (Shoals:4)
  A naga warrior (Snake:4)
  A deep elf knight (Elf:1)
  A wizard (Depths:2)
  2 deep elf pyromancers
  A salamander (Snake:2)
  A black mamba (Snake:1)
  An ancient zyme (Abyss:2)
  A human (Snake:2)
  A naga (Snake:4)
  10 fungi
  51 plants
  5 starspawn tentacles (Abyss:2)
  9 tentacles (Shoals:2)
88 creatures vanquished.

Grand Total: 1858 creatures vanquished

Notes
Turn   | Place    | Note
-------+----------+-------------------------------------------
     0 | D:1      | Arzdou the Minotaur Berserker began the quest for the Orb.
     0 | D:1      | Reached XP level 1. HP: 19/19 MP: 0/0
   262 | D:1      | Reached skill level 4 in Fighting
   262 | D:1      | Reached XP level 2. HP: 27/27 MP: 1/1
  1070 | D:1      | Reached XP level 3. HP: 33/33 MP: 2/2
  1206 | D:2      | Reached ** piety under Trog
  1235 | D:2      | Found a white marble altar of Elyvilon.
  1507 | D:2      | Noticed Sigmund
  1550 | D:2      | Reached skill level 5 in Long Blades
  1550 | D:2      | Reached XP level 4. HP: 29/40 MP: 3/3
  1705 | D:2      | Found a faded altar of an unknown god.
  1972 | D:2      | Killed Sigmund
  1973 | D:2      | Reached skill level 1 in Stealth
  1973 | D:2      | Reached XP level 5. HP: 47/47 MP: 4/4
  2267 | D:3      | Reached XP level 6. HP: 53/53 MP: 5/5
  2442 | D:3      | Noticed Jessica
  2451 | D:3      | Killed Jessica
  2624 | D:3      | Found a blossoming altar of Fedhas.
  2624 | D:3      | Found an opulent altar of Gozag.
  2748 | D:4      | Found a glowing drain.
  2759 | Sewer    | Entered a sewer
  2881 | Sewer    | Reached *** piety under Trog
  2993 | Sewer    | Reached skill level 1 in Ranged Weapons
  3195 | Sewer    | Reached XP level 7. HP: 60/60 MP: 6/6
  3561 | D:4      | Noticed a hornet
  3573 | D:4      | Killed a hornet
  3574 | D:4      | Reached skill level 5 in Fighting
  3670 | D:4      | Reached skill level 5 in Ranged Weapons
  3856 | D:4      | Reached XP level 8. HP: 55/68 MP: 7/7
  4121 | D:5      | Entered Level 5 of the Dungeon
  4297 | D:5      | Found a shimmering blue altar of Sif Muna.
  4304 | D:5      | Noticed Grinder
  4311 | D:5      | Killed Grinder
  4312 | D:5      | Reached skill level 5 in Armour
  4915 | D:6      | Found Loschollu's Magic Scroll Emporium.
  5030 | D:6      | Reached **** piety under Trog
  5031 | D:6      | Reached XP level 9. HP: 74/74 MP: 8/8
  5187 | D:6      | Found a shimmering altar of Xom.
  5227 | D:6      | Found a bloodstained altar of Trog.
  5714 | D:6      | Identified the +6 long sword of Embarrassment {drain, SInv}
  5940 | D:7      | Reached skill level 10 in Long Blades
  6046 | D:7      | Found a basalt altar of Yredelemnul.
  6093 | D:7      | Found a white marble altar of Elyvilon.
  6173 | D:7      | Found a staircase to the Ecumenical Temple.
  6271 | D:7      | Reached skill level 6 in Fighting
  6432 | D:7      | Found a hazy altar of Hepliaklqana.
  6522 | D:7      | Found an ancient bone altar of Kikubaaqudgha.
  6684 | D:7      | Noticed Duvessa
  6686 | D:7      | Noticed Dowan
  6709 | D:7      | Killed Dowan
  6959 | D:7      | Killed Duvessa
  7407 | D:8      | Noticed Maurice
  7431 | D:8      | Killed Maurice
  7432 | D:8      | Reached skill level 7 in Fighting
  7432 | D:8      | Reached XP level 10. HP: 60/86 MP: 9/9
  7570 | D:8      | Found a staircase to the Lair.
  7570 | D:8      | Noticed Psyche
  7662 | D:8      | Killed Psyche
  7741 | D:8      | Noticed Maggie
  7783 | D:8      | Killed Maggie
  7848 | D:8      | Reached skill level 8 in Fighting
  8283 | D:8      | Noticed Joseph
  8299 | D:8      | Killed Joseph
  8300 | D:8      | Reached skill level 1 in Unarmed Combat
  8789 | D:9      | Noticed a +0 falchion
  8789 | D:9      | Noticed a +0 spear
  8790 | D:9      | Noticed a +0 short sword
  8790 | D:9      | Noticed a +0 dagger
  8791 | D:9      | Noticed a +0 dagger
  8791 | D:9      | Noticed a +0 falchion
  8791 | D:9      | Noticed a +0 short sword
  8792 | D:9      | Noticed a +0 spear
  8821 | D:9      | Found a hide-covered altar of Uskayaw.
  8898 | D:9      | Reached skill level 1 in Shields
  9170 | D:9      | Reached skill level 9 in Fighting
  9294 | D:9      | Reached XP level 11. HP: 89/97 MP: 10/10
  9406 | D:9      | Found a staircase to the Orcish Mines.
  9821 | D:10     | Entered Level 10 of the Dungeon
  9906 | D:10     | Noticed a two-headed ogre
  9920 | D:10     | Killed a two-headed ogre
 10078 | Orc:1    | Entered Level 1 of the Orcish Mines
 10078 | Orc:1    | Noticed an ettin
 10758 | D:10     | Noticed an orange crystal statue
 10975 | D:10     | Found a stormy altar of Qazlal.
 10993 | D:10     | Found Myitohan's Jewellery Boutique.
 11072 | D:10     | Noticed Harold
 11083 | D:10     | Killed Harold
 11145 | D:11     | Noticed an obsidian statue
 11245 | D:11     | Noticed a boulder beetle
 11273 | D:11     | Killed a boulder beetle
 11274 | D:11     | Reached skill level 10 in Fighting
 11274 | D:11     | Reached skill level 15 in Long Blades
 11916 | D:11     | Noticed a brown ugly thing
 11933 | D:11     | Killed a brown ugly thing
 11934 | D:11     | Reached skill level 10 in Armour
 12378 | D:10     | Identified a scroll of acquirement
 12378 | D:10     | Acquired the +1 pair of gloves "Nifri" {Str+3}
 12595 | Lair:1   | Entered Level 1 of the Lair of Beasts
 12938 | Lair:1   | Reached skill level 11 in Fighting
 13081 | Lair:1   | Reached XP level 12. HP: 110/110 MP: 11/11
 13773 | Lair:1   | Reached skill level 12 in Fighting
 13791 | Lair:1   | Reached skill level 5 in Shields
 13804 | Lair:1   | Reached skill level 5 in Dodging
 14144 | Lair:1   | Noticed a death yak
 14150 | Lair:1   | Killed a death yak
 14269 | Lair:1   | Reached skill level 13 in Fighting
 15088 | Lair:1   | Reached skill level 14 in Fighting
 15313 | Lair:2   | Reached XP level 13. HP: 124/124 MP: 12/12
 15652 | Lair:2   | Identified the ring of the Swan {rElec Dex+6}
 16065 | Lair:2   | Found a staircase to the Snake Pit.
 16182 | Lair:3   | Found a staircase to the Shoals.
 16210 | Lair:3   | Identified the +1 leather armour of Midwinter {Int+4}
 16599 | Lair:3   | Reached skill level 15 in Fighting
 17428 | Lair:3   | Reached ***** piety under Trog
 17546 | Lair:3   | Reached skill level 16 in Fighting
 18241 | Lair:4   | Received a gift from Trog
 18663 | Lair:4   | Reached XP level 14. HP: 118/138 MP: 13/13
 18670 | Lair:4   | Reached skill level 17 in Fighting
 19322 | Lair:5   | Entered Level 5 of the Lair of Beasts
 19429 | Lair:5   | Found a frozen archway.
 19459 | Lair:5   | Found a staircase to the Slime Pits.
 19607 | IceCv    | Entered an ice cave
 20620 | IceCv    | Found an ancient bone altar of Kikubaaqudgha.
 22165 | Lair:5   | Noticed emiel's ghost (journeyman FoFi)
 22167 | Lair:5   | Found a transporter.
 22407 | Lair:5   | Found a transporter.
 22514 | Lair:5   | Reached skill level 18 in Fighting
 22634 | Lair:5   | Reached skill level 1 in Evocations
 23719 | Abyss:2  | Cast into level 2 of the Abyss (a wizard)
 23814 | Abyss:2  | Noticed a tentacled starspawn
 23901 | Abyss:2  | Killed a tentacled starspawn
 23905 | Abyss:2  | Noticed a daeva
 23919 | Abyss:2  | HP: 2/144 [daeva/divine providence (8)]
 24160 | Lair:5   | Escaped the Abyss
 24171 | Lair:5   | Found a burning altar of Makhleb.
 24984 | Lair:5   | Found a gateway to Hell.
 25486 | D:10     | Reached skill level 5 in Evocations
 25486 | D:10     | Reached XP level 15. HP: 150/150 MP: 12/12
 25487 | D:10     | Reached XP level 16. HP: 159/159 MP: 13/13
 25967 | Orc:2    | Entered Level 2 of the Orcish Mines
 26028 | Orc:2    | Found a staircase to the Elven Halls.
 26201 | Orc:2    | Found a runed translucent gate.
 26201 | Orc:2    | Found a runed translucent gate.
 26201 | Orc:2    | Found a runed translucent gate.
 26208 | Orc:2    | Noticed Joaw's ghost (journeyman GrFi)
 26264 | Orc:2    | Reached XP level 17. HP: 164/164 MP: 14/16
 26765 | Orc:2    | Reached skill level 19 in Fighting
 27206 | Orc:2    | Found Viodd's Distillery.
 27206 | Orc:2    | Found Wiqul Dala's Antique Armour Boutique.
 27207 | Orc:2    | Found Ugaod's General Store.
 27211 | Orc:2    | Found Wialog's General Store.
 27219 | Orc:2    | Bought a transparent buckler for 190 gold pieces
 27219 | Orc:2    | Identified the +1 buckler of Utaowycw {Contam rElec rC+
                  | Slay+5} (You bought it in a shop on level 2 of the Orcish
                  | Mines)
 27231 | Orc:2    | Bought a potion of curing for 48 gold pieces
 27231 | Orc:2    | Bought a scroll of teleportation for 48 gold pieces
 27231 | Orc:2    | Bought a potion of heal wounds for 80 gold pieces
 27507 | Orc:2    | Killed Joaw's ghost
 29449 | D:13     | Noticed Erolcha
 29453 | D:13     | Killed Erolcha
 29958 | D:13     | Received a gift from Trog
 30637 | D:14     | Found a blossoming altar of Fedhas.
 30725 | D:14     | Found a gate to the Vaults.
 30823 | D:14     | Reached skill level 10 in Shields
 31064 | D:15     | Entered Level 15 of the Dungeon
 31134 | D:15     | Found a sparkling altar of Nemelex Xobeh.
 33014 | D:15     | Found a staircase to the Depths.
 33666 | Snake:1  | Entered Level 1 of the Snake Pit
 34940 | Snake:1  | Reached skill level 20 in Fighting
 36115 | Snake:1  | Reached skill level 10 in Ranged Weapons
 36199 | Snake:1  | Reached XP level 18. HP: 132/178 MP: 17/17
 36732 | Snake:1  | Found Nuusasha's Antique Weapon Shoppe.
 36738 | Snake:1  | Bought a glowing great sword for 237 gold pieces
 36960 | Snake:2  | You fall into a shaft and drop 1 floor!
 37312 | Snake:2  | Noticed Kirke
 37325 | Snake:2  | Killed Kirke
 37400 | Snake:2  | Noticed Asterion
 37410 | Snake:2  | Killed Asterion
 38495 | Snake:3  | Found Ipoqeate's Distillery.
 38502 | Snake:3  | Bought a potion of curing for 48 gold pieces
 38502 | Snake:3  | Bought a potion of heal wounds for 80 gold pieces
 38502 | Snake:3  | Bought a potion of heal wounds for 80 gold pieces
 38502 | Snake:3  | Bought 2 potions of might for 128 gold pieces
 38502 | Snake:3  | Bought a potion of curing for 48 gold pieces
 38502 | Snake:3  | Found Ishovizi's Book Emporium.
 38820 | Snake:3  | Identified the +1 scale mail "Hedeo" {+Inv rF+}
 38846 | Snake:3  | Reached skill level 15 in Armour
 38857 | Snake:4  | Entered Level 4 of the Snake Pit
 39061 | Snake:4  | Found a runed translucent gate.
 39061 | Snake:4  | Found a runed translucent gate.
 39061 | Snake:4  | Found a runed translucent gate.
 39062 | Snake:4  | Found an opulent altar of Gozag.
 39062 | Snake:4  | Noticed Nonseq's ghost (adept GnWn)
 39064 | Snake:4  | Found Otraofez's Assorted Antiques.
 39125 | Snake:4  | Found a hazy altar of Hepliaklqana.
 39256 | Snake:4  | Reached skill level 10 in Evocations
 39291 | Snake:4  | Found Opedar's Magic Scroll Emporium.
 39304 | Snake:4  | Bought a scroll of magic mapping for 142 gold pieces
 39304 | Snake:4  | Bought a scroll of silence for 180 gold pieces
 39304 | Snake:4  | Bought a scroll of teleportation for 57 gold pieces
 39304 | Snake:4  | Bought a scroll of teleportation for 57 gold pieces
 41044 | Snake:4  | Noticed Aizul
 41452 | Snake:4  | Killed Aizul
 41863 | Snake:4  | Reached skill level 21 in Fighting
 42501 | Snake:4  | Got a serpentine rune of Zot
 42916 | Shoals:1 | Entered Level 1 of the Shoals
 43294 | Shoals:1 | Received a gift from Trog
 43829 | Shoals:1 | Identified the +12 long sword "Seivon" {freeze, Str+4
                  | Int-2}
 44108 | Shoals:1 | Identified the +6 ring mail of Skepticism {Will++ Regen+
                  | Str+2 Dex-4}
 44122 | Shoals:1 | Reached skill level 5 in Axes
 44122 | Shoals:1 | Reached XP level 19. HP: 181/189 MP: 18/18
 44163 | Shoals:1 | Reached XP level 20. HP: 198/198 MP: 19/19
 46099 | Shoals:3 | Found Usuts's Magic Scroll Emporium.
 46133 | Shoals:3 | Noticed Polyphemus
 46192 | Shoals:2 | Killed Polyphemus
 46193 | Shoals:2 | Reached skill level 10 in Dodging
 46251 | Shoals:3 | Bought a scroll of teleportation for 45 gold pieces
 46251 | Shoals:3 | Bought 3 scrolls of teleportation for 135 gold pieces
 46251 | Shoals:3 | Bought a scroll of teleportation for 45 gold pieces
 46496 | Shoals:3 | Found Ukhlyufroen's Overcharged Wands.
 46926 | Shoals:4 | Entered Level 4 of the Shoals
 46926 | Shoals:4 | Found a stormy altar of Qazlal.
 46938 | Shoals:4 | Paralysed by an air elemental for 1 turns
 47540 | Shoals:4 | Identified the amulet "Galobowa" {RegenMP rF+ rC++ Dex-3}
 47699 | Shoals:4 | Paralysed by an air elemental for 1 turns
 47724 | Shoals:4 | Received a gift from Trog
 47749 | Shoals:4 | Paralysed by an air elemental for 1 turns
 48102 | Shoals:4 | Reached skill level 22 in Fighting
 48125 | Shoals:4 | Got a barnacled rune of Zot
 48559 | Vaults:1 | Entered Level 1 of the Vaults
 50416 | Vaults:1 | Received a gift from Trog
 50591 | Vaults:1 | Reached XP level 21. HP: 58/207 MP: 20/20
 51685 | Vaults:1 | Reached skill level 15 in Shields
 52162 | D:10     | Bought a +6 ring of dexterity for 360 gold pieces
 52365 | Vaults:2 | Received a gift from Trog
 53638 | Vaults:3 | Found Lebbuacs's Antique Armour Emporium.
 53944 | Vaults:3 | Reached skill level 23 in Fighting
 53945 | Vaults:3 | Acquired a +7 antimagic hand crossbow
 54067 | Vaults:3 | Identified the +5 scimitar "Jesie" {flame, rN+ Str+4
                  | Stlth-} (Trog gifted it to you on level 3 of the Vaults)
 54067 | Vaults:3 | Received a gift from Trog
 55300 | Vaults:2 | Received a gift from Trog
 55364 | Vaults:2 | Found a staircase to the Crypt.
 55966 | Vaults:4 | Found a large runed translucent door.
 55966 | Vaults:4 | Found a large runed translucent door.
 55966 | Vaults:4 | Found a large runed translucent door.
 55966 | Vaults:4 | Found a large runed translucent door.
 55966 | Vaults:4 | Found a large runed translucent door.
 55966 | Vaults:4 | Found a large runed translucent door.
 55966 | Vaults:4 | Found a large runed translucent door.
 55966 | Vaults:4 | Found a large runed translucent door.
 55966 | Vaults:4 | Noticed Ciotsan's ghost (adept FeIE)
 55999 | Vaults:4 | Reached XP level 22. HP: 220/220 MP: 7/21
 56366 | Vaults:4 | Found Akluogre's General Store.
 56673 | Vaults:4 | Received a gift from Trog
 57764 | Vaults:4 | Killed Ciotsan's ghost
 57955 | Elf:1    | Entered Level 1 of the Elven Halls
 57980 | Elf:1    | Reached skill level 5 in Stealth
 58046 | Elf:1    | Paralysed by an air elemental for 1 turns
 58258 | Elf:1    | Found Uketetuch's Weapon Shoppe.
 58418 | Elf:1    | Received a gift from Trog
 58778 | Elf:1    | Paralysed by an air elemental for 1 turns
 58781 | Elf:1    | Paralysed by an air elemental for 1 turns
 59140 | Elf:2    | Identified the +6 chain mail of Time Monsters {rC- rN+
                  | Str+2 Int+3}
 59353 | Elf:2    | Found a runed translucent gate.
 59354 | Elf:2    | Found a runed translucent gate.
 59354 | Elf:2    | Found a runed translucent gate.
 59398 | Elf:2    | Received a gift from Trog
 59526 | Elf:2    | Noticed Louise
 59577 | Elf:2    | Reached ****** piety under Trog
 59601 | Elf:2    | Killed Louise
 60209 | Vaults:3 | Bought a masterwork ring mail for 378 gold pieces
 60209 | Vaults:3 | Identified the +0 ring mail "Bicsao" {rElec rPois rF+
                  | Int+2} (You bought it in a shop on level 3 of the Vaults)
 60356 | Elf:3    | Entered Level 3 of the Elven Halls
 60864 | Elf:3    | Received a gift from Trog
 60865 | Elf:3    | Reached skill level 24 in Fighting
 61096 | Elf:3    | Identified the ring of Muagyr {rPois rN+ Str+6 Int+3}
 61361 | Elf:3    | Reached XP level 23. HP: 229/229 MP: 7/22
 61417 | Elf:3    | Identified the staff of earth "Yraps" {rPois rN+ Int+3
                  | Dex-3}
 61477 | Elf:3    | Identified the +8 triple sword of the Glimmering Seer
                  | {freeze, Str+3}
 61517 | Elf:3    | Received a gift from Trog
 61533 | Elf:3    | Identified the +2 scale mail of Abstinence {Regen+}
 61557 | Elf:3    | Identified the +7 hand axe "Puawiu" {freeze, rPois}
 61753 | Elf:3    | Identified the staff of earth "Kaet" {rPois rF- Int+6
                  | Stlth+}
 61756 | Elf:3    | Identified the staff of earth "Keunle" {Fragile rElec rC++
                  | Int+3}
 61880 | Elf:3    | Identified the +10 arbalest of Triumph {penet, Fly rCorr
                  | Stlth+}
 62334 | Depths:1 | Entered Level 1 of the Depths
 63648 | Depths:1 | Found a one-way gateway to a ziggurat.
 63673 | Depths:1 | Found Pehanur's Book Shop.
 63753 | Depths:1 | Received a gift from Trog
 63839 | Depths:1 | Found Kitu Emu's Magic Scroll Emporium.
 63848 | Depths:1 | Bought a scroll of acquirement for 988 gold pieces
 63848 | Depths:1 | Bought a scroll of enchant weapon for 142 gold pieces
 63848 | Depths:1 | Bought a scroll of enchant armour for 142 gold pieces
 63849 | Depths:1 | Acquired 746 gold pieces
 63883 | Depths:1 | Found a one-way gate to the infinite horrors of the Abyss.
 63980 | Depths:1 | Found Guownus's Jewellery Emporium.
 63982 | Depths:1 | Found Itara's Book Shop.
 63996 | Depths:1 | Bought a manual of Shields for 1120 gold pieces
 64007 | Depths:1 | Found an opulent altar of Gozag.
 64384 | Depths:2 | Found a one-way gate leading to the halls of Pandemonium.
 64490 | Depths:2 | Identified the +5 whip of Dyasch Ip Tug {venom, Dex+3 SInv}
 64618 | Depths:2 | Identified the +0 ring mail of Insurance {rF++ Int-4}
 64722 | Depths:2 | Reached skill level 25 in Fighting
 65350 | Depths:3 | Found a hazy altar of Hepliaklqana.
 65375 | Depths:3 | Received a gift from Trog
 66416 | Depths:3 | Noticed a caustic shrike
 66444 | Depths:3 | Killed a caustic shrike
 66732 | Depths:4 | Entered Level 4 of the Depths
 67007 | Depths:4 | Found a gate to the Realm of Zot.
 67038 | Depths:4 | Reached XP level 24. HP: 196/244 MP: 8/22
 67225 | Depths:4 | Received a gift from Trog
 67613 | Depths:4 | Reached skill level 26 in Fighting
 67681 | Depths:4 | Gained mutation: You are weak. (Str -2) [a neqoxec]
 67713 | Depths:4 | Found a runed translucent door.
 67716 | Depths:4 | Found a radiant altar of Vehumet.
 67716 | Depths:4 | Noticed an ancient lich
 68714 | Vaults:4 | Bought a scroll of enchant armour for 135 gold pieces
 68735 | Vaults:4 | Upgraded the game from 0.30-a0-1075-gcd70e7a56d to
                  | 0.30-a0-1082-g70414cbcbb
 68775 | Vaults:5 | Entered Level 5 of the Vaults
 69675 | Vaults:5 | Noticed a dread lich
 69747 | Vaults:5 | Identified the +8 arbalest of Zeal {penet, rPois rF+ rN+}
 69755 | Vaults:5 | HP: 1/227 [yaktaur captain/bolt (35)]
 69756 | Vaults:5 | Shot with a bolt by a vault warden

Illustrated notes

Levels and vault maps discovered:
D:1:      lightli_arrival_lavapool, layout_basic
D:2:      layout_rooms, basic_altar, chequers_ecumenical_altar_lobes,
          uniq_sigmund
D:3:      layout_rooms, jmf_multi_god_temple, uniq_jessica
D:4:      layout_basic, portal_sewer_entry_f
D:5:      layout_rooms, amcnicky_altar_gilded, minmay_misc_feat_pillars,
          kennysheep_generic_room_6, uniq_grinder
D:6:      layout_loops_ring, mainiacjoe_overflow_catwalk,
          mainiacjoe_overflow_alcove_4, serial_bayou_pond_e,
          hangedman_abyss_or_decor_slice, minmay_tree_intersection,
          minmay_shop_grid_forest
D:7:      layout_loops_ring, nicolae_elyvilon_peaceful_grove,
          kiku_gazebo_garden_becter, mainiacjoe_overflow_concentric_impassable,
          mainiacjoe_overflow_surrounded_room, minmay_temple_entry_overgrown,
          uniq_duvessa
D:8:      layout_gridville, erik_lair_island, uniq_psyche, uniq_maurice,
          uniq_joseph, uniq_maggie
D:9:      layout_basic, nicolae_uskayaw_en_pointe, orc_0_dummy, serial_glass,
          glass_columns_b, glass_columns_a, due_unseen_surprise,
          feat_on_display, feat_on_display, minmay_strange_pillars, st_stairs_7,
          chequers_serial_rivers_small_a, minmay_misc_feat_tiny, minivault_25_ag
D:10:     minmay_separated_statues, layout_rooms,
          nicolae_qazlal_scattered_showers, serial_shops, kennysheep_little_box,
          hangedman_decor_diamond_cutter, uniq_harold
D:11:     layout_irregular_city, minmay_statue_bubble
D:12:     minmay_connected_triangles_in_corner, layout_loops_ring,
          minmay_misc_feat_enclosed
D:13:     nicolae_whirlpool, layout_cave_pools, uniq_erolcha
D:14:     layout_roguey, erik_vaults_1, fedhas_altar_4
D:15:     gammafunk_enter_depths_forms, layout_stronghold,
          nemelex_lonely_heart_becter, fungi_pond_lemuel
Lair:1:   layout_roguey, nicolae_lair_lakeside_cave, serial_bayou_shore_b,
          grunt_megastairs_2
Lair:2:   layout_hall_layers, minmay_snake_entry_guardpost_large,
          gauntlet_entry_generic, nzn_random_ring, infiniplex_staircase_pool_2,
          lemuel_fruit_tree
Lair:3:   layout_cave_pods, shoals_dummy_entry, minmay_shattered_shrine
Lair:4:   layout_cave_pods, lemuel_fruit_fields
Lair:5:   evil_forest, layout_regular_city, nicolae_slime_entry_field_trip,
          gammafunk_ghost_hive, portal_ice_cave_entry_imps
Shoals:1: layout_shoals, nicolae_shoals_lost_giant_pillars,
          nicolae_shoals_beach_house_on_fowls_legs
Shoals:2: nzn_motion_control, layout_shoals
Shoals:3: layout_shoals, serial_shops, nicolae_shop_waterfront,
          nicolae_shop_overcharged_wands, uniq_polyphemus
Shoals:4: shoals_end_hellmonk_storm_palace [storm_palace_center_ruins,
          storm_palace_corner_altar, storm_palace_corner_grid,
          storm_palace_corner_pillars, storm_palace_corner_reverse_hut],
          serial_shops
Snake:1:  layout_honeycomb, serial_shops, shop, nicolae_snake_guarding_the_ruins
Snake:2:  layout_misc_corridors, nicolae_integral_box, uniq_kirke, uniq_asterion
Snake:3:  layout_misc_corridors, nrook_guardian_serpent_ordinary,
          minmay_shoptagon
Snake:4:  minmay_snake_end_coiled, layout_misc_corridors, ebering_ghost_gozag,
          basic_altar, serial_shops, shop, uniq_aizul
Orc:1:    layout_caves
Orc:2:    st_orc_mages, layout_caves, gammafunk_ghost_necromancy, basic_altar,
          nicolae_orc_rich_vein
Elf:1:    minmay_elf_arrival_circle, layout_loops_cross, serial_shops, shop,
          minmay_elf_demonology
Elf:2:    nicolae_elf_blades_crystal_corner, layout_geoelf_octagon, uniq_louise
Elf:3:    nooodl_elf_gasket, layout_loops_cross
Vaults:1: dpeg_vaults_pockets_of_resistance, ontoclasm_vaults_ring_large,
          ontoclasm_vaults_spin, grunt_vaults_diagonal,
          nicolae_vaults_three_branches, vaults_room_corners,
          nicolae_vaults_yaktaur_gun_rack, layout_vaults_omnicross
Vaults:2: nicolae_vaults_disjoint_gnomons, v_rooms_6, hangedman_vaults_capsules,
          vaults_dpeg_emergency_exit, v_pattern_2,
          ontoclasm_vaults_decontamination, nicolae_vaults_border_crossing,
          layout_vaults_omnigrid, blue_anna_dwarven_crypt
Vaults:3: v_pattern_1, hangedman_vaults_nails, nicolae_vaults_gold_heap,
          vaults_dpeg_ring, hangedman_vaults_variations, hangedman_vaults_locks,
          vaults_mumra_minichess, nicolae_vaults_theta,
          ontoclasm_vaults_ring_large, nicolae_vaults_little_squares_2,
          ontoclasm_vaults_twist, nicolae_vaults_inception_corners,
          layout_vaults_maze_bifur, serial_shops, nicolae_shop_statue_plus
Vaults:4: advil_vaults_ghost_lines, hangedman_vaults_pinch,
          nicolae_vaults_halls_meeting, ontoclasm_vaults_ring_small,
          vaults_dpeg_diagonal, vaults_room_semicircle,
          nicolae_vaults_network_square, nicolae_vaults_little_squares_1,
          nicolae_vaults_diagonal_hallway_8, layout_vaults_chaotic_city,
          serial_shops, nicolae_shop_waterfront
Vaults:5
Depths:1: layout_basic, enter_ziggurat_f, serial_shops, shop,
          hangedman_geh_valley, hangedman_decor_clover_reticule,
          abyss_entry_crystal, nicolae_gozag_cash_rules_everything_around_me,
          minmay_shop_grove
Depths:2: minmay_tri_stars, layout_cave_shapes, pan_entry, serial_column_ruins,
          column_ruins_hut_ruined, column_ruins_open_tiny,
          column_ruins_open_small, column_ruins_grid_3, column_ruins_open_tiny,
          column_ruins_columns_corner, hell_entry, infiniplex_staircase_x,
          serial_bayou_shore_b, serial_bayou_shore_b
Depths:3: hourglass_vault, layout_basic, abyss_entry,
          grunt_hell_entry_dis_grunt, basic_altar,
          eino_small_chamber_without_monster, infiniplex_staircase_squiggle,
          grunt_megastairs_5
Depths:4: grunt_zot_entry_funnels, layout_gridlike, hell_entry,
          minmay_misc_feat_four_crosses, grunt_absolute_annihilation

Skill      XL: |  1  2  3  4  5  6  7  8  9 10 11 12 13 14 15 16 17 18 19 20 21 22 23 24 |
---------------+-------------------------------------------------------------------------+-----
Fighting       | 4 5 7 9 11 14 16 18 20 21 22 23 24 25 26 | 26.6
Long Blades    | 4 5 6 7 9 11 13 15 16 18 19 20 21 22 | 22.9
Armour         | 3 4 6 7 9 10 12 13 14 15 16 | 16.6
Dodging        | 3 4 6 7 9 11 12 13 | 13.2
Stealth        | 1 2 3 4 5 |  5.2
Ranged Weapons | 3 5 6 7 8 10 11 12 13 14 | 14.1
Unarmed Combat | 1 |  1.1
Shields        | 2 4 6 7 8 11 12 14 17 19 22 24 | 24.1
Evocations     | 5 7 9 10 11 12 13 14 | 14.4
Axes           | 5 8 9 |  9.5

Action                     |  1- 3 |  4- 6 |  7- 9 | 10-12 | 13-15 | 16-18 | 19-21 | 22-24 || total
---------------------------+-------+-------+-------+-------+-------+-------+-------+-------++-------
  Melee: Falchion          |    84 |   131 |   238 |    86 |       |       |       |       ||   539
         Headbutt          |    10 |    18 |    62 |   127 |   225 |   361 |   459 |   372 ||  1634
         Punch             |       |     1 |       |     1 |       |       |       |       ||     2
         Scimitar          |       |       |       |    76 |   365 |       |       |       ||   441
         Unarmed           |       |       |       |    14 |       |       |   208 |       ||   222
         Long sword        |       |       |       |   362 |   496 |  1185 |  1192 |   667 ||  3902
         Demon blade       |       |       |       |       |       |    15 |       |   545 ||   560
         Triple sword      |       |       |       |       |       |       |       |    25 ||    25
   Fire: Sling             |       |    34 |    20 |       |       |       |       |       ||    54
         Shortbow          |       |       |    13 |       |       |       |       |       ||    13
         Hand crossbow     |       |       |       |       |       |       |    60 |   398 ||   458
 Invoke: Berserk           |       |     3 |    12 |    20 |    18 |    22 |     8 |     5 ||    88
         Trog's Hand       |       |       |       |     5 |     5 |     7 |     7 |     6 ||    30
         Brothers in Arms  |       |       |       |     1 |     3 |     7 |     6 |    11 ||    28
  Evoke: Wand              |       |       |       |     1 |       |     2 |       |       ||     3
    Use: Scroll            |       |       |    11 |    17 |     9 |     8 |     6 |    19 ||    70
         Potion            |       |       |     1 |     3 |     5 |     8 |     3 |     9 ||    29
   Stab: Sleeping          |     1 |       |       |       |       |       |     4 |     8 ||    13
         Distracted        |       |       |       |       |       |     1 |       |     2 ||     3
         Invisible         |       |       |       |       |       |     1 |       |       ||     1
 Armour: Animal skin       |     5 |       |       |       |       |       |       |       ||     5
         Leather armour    |     8 |       |       |       |       |       |       |       ||     8
         Plate armour      |    24 |    88 |   144 |   164 |       |   244 |       |       ||   664
         Ring mail         |       |       |       |   109 |   332 |    56 |   435 |   404 ||  1336
         Chain mail        |       |       |       |       |       |   230 |       |       ||   230
  Dodge: Dodged            |    75 |    61 |   115 |   273 |   463 |   616 |   699 |   549 ||  2851
  Block: Buckler           |       |       |       |    95 |   197 |   869 |   601 |       ||  1762
         Reflection        |       |       |       |       |       |   128 |    78 |   133 ||   339
         Tower shield      |       |       |       |       |       |       |   504 |  1761 ||  2265

Table legend: (Time is in decaauts)
 A = Elapsed time spent in this place.
 B = Non-inter-level travel time spent in this place.
 C = Inter-level travel time spent in this place.
 D = Time resting spent in this place.
 E = Time spent auto-exploring this place.
 F = Levels seen in this place.
 G = Mean time per level.
                   A        B        C        D        E       F      G
               +--------+--------+--------+--------+--------+-----+--------+
         Total |  70458 |  63703 |   6755 |  13295 |  32892 |  45 | 1565.7 |
       Dungeon |  21107 |  17426 |   3681 |   3663 |  10574 |  15 | 1407.1 |
          Lair |  11759 |  10893 |    866 |   2762 |   6019 |   5 | 2351.8 |
        Shoals |   4889 |   4545 |    344 |    650 |   2141 |   4 | 1222.2 |
     Snake Pit |   7935 |   7650 |    285 |   1759 |   3501 |   4 | 1983.8 |
  Orcish Mines |   2328 |   2138 |    190 |    352 |   1177 |   2 | 1164.0 |
   Elven Halls |   3913 |   3712 |    201 |    503 |   1613 |   3 | 1304.3 |
        Vaults |   9394 |   8491 |    903 |   1628 |   3849 |   5 | 1878.8 |
        Depths |   5554 |   5271 |    283 |    134 |   3447 |   4 | 1388.5 |
         Abyss |    448 |    448 |      0 |    218 |      0 |   1 |  448.0 |
         Sewer |    593 |    593 |      0 |     48 |    373 |   1 |  593.0 |
      Ice Cave |   2534 |   2534 |      0 |   1576 |    196 |   1 | 2534.0 |
               +--------+--------+--------+--------+--------+-----+--------+

Top non-repeatable levels by time:
 Snake:4: 2990 daAuts
Vaults:4: 2879 daAuts
  Lair:2: 2747 daAuts
     D:8: 2733 daAuts
  Lair:3: 2593 daAuts
   IceCv: 2534 daAuts
    D:15: 2510 daAuts
Vaults:1: 2479 daAuts
  Lair:5: 2413 daAuts
 Snake:1: 2208 daAuts
  Lair:1: 2173 daAuts
Vaults:3: 2101 daAuts
    D:14: 2011 daAuts
  Lair:4: 1831 daAuts
Vaults:2: 1820 daAuts
